 Dungeon Crawl Stone Soup version 0.26.0-45-g9c1d065592 (webtiles) character file.

Game seed: 12472114856187510110

2233 Destapler the Skirmisher (level 9, -3/68 HPs)
             Began as a Demonspawn Artificer on Jan 29, 2021.
             Was an Initiate of Wu Jian.
             Slain by a killer bee (10 damage)
             ... on level 6 of the Dungeon.
             The game lasted 00:35:54 (6877 turns).

Destapler the Skirmisher (Demonspawn Artificer)     Turns: 6877, Time: 00:35:54

Health: -3/68      AC:  9    Str: 16    XL:     9   Next: 14%
Magic:  9/9        EV: 11    Int: 16    God:    Wu Jian [......]
Gold:   129        SH: 11    Dex: 18    Spells: 8/8 levels left

rFire    + . .     SeeInvis .   b - +4 dagger (drain)
rCold    + . .     Faith    .   r - +1 kite shield (curse)
rNeg     . . .     Spirit   .   B - +2 leather armour of the Solstice {Dex+4}
rPois    .         Reflect  .   o - +2 helmet
rElec    .         Harm     .   j - scarf {rC+ rF+}
rCorr    +         Rampage  .   m - +0 pair of gloves
Will     .....     Rnd*Tele +   (no boots)
Stlth    ++........             (no amulet)
HPRegen  0.21/turn              h - ring of teleportation (curse)
MPRegen  0.11/turn              s - ring of resist corrosion

@: lethally poisoned (-3 -> -5), flying
A: talons 1, demonic guardian 1, spiny 1, big brain 2
a: Renounce Religion


You were on level 6 of the Dungeon.
You worshipped Wu Jian.
Wu Jian was noncommittal.
You visited 2 branches of the dungeon, and saw 7 of its levels.

You collected 297 gold pieces.
You spent 168 gold pieces at shops.

Inventory:

Hand Weapons
 b - a +4 dagger of draining (weapon)
 t - a +0 whip of electrocution
 D - a +5 short sword of speed
Missiles
 a - 6 boomerangs
 v - 4 silver boomerangs (quivered)
 A - 35 poisoned darts
Armour
 i - a +0 leather armour
 j - a scarf of resistance (worn)
 m - a +0 pair of gloves (worn)
 o - a +2 helmet (worn)
 r - a cursed +1 kite shield (worn)
 x - a +0 cloak
 B - the +2 leather armour of the Solstice (worn) {Dex+4}
   (You bought it in a shop on level 5 of the Dungeon)

   It affects your dexterity (+4).
Jewellery
 f - a +6 ring of intelligence
 h - a cursed ring of teleportation (left hand)
 k - an uncursed amulet of faith
 s - a ring of resist corrosion (right hand)
Wands
 c - a wand of flame (11)
 d - a wand of enslavement (14)
 e - a wand of random effects (21)
 p - a wand of acid (18)
Scrolls
 n - a scroll of teleportation
 y - a scroll of identify
 z - 2 scrolls of immolation
 F - a scroll of blinking
Potions
 g - a potion of ambrosia
 q - 2 potions of heal wounds
 u - a potion of attraction {unknown}
 w - 2 potions of curing
 E - a potion of brilliance {unknown}


   Skills:
 + Level 5.4 Fighting
 + Level 4.4 Short Blades
 - Level 0.4 Maces & Flails
 + Level 3.5 Throwing
 + Level 3.6 Armour
 - Level 3.0 Dodging
 - Level 1.6 Stealth
 * Level 4.4 Shields
 + Level 5.4 Evocations


You had 8 spell levels left.
You didn't know any spells.
Your spell library was empty.

Dungeon Overview and Level Annotations

Branches:
Dungeon (6/15)             Temple (1/1) D:6

Altars:
Ashenzari
Cheibriados
Dithmenos
Elyvilon
Fedhas
Gozag
Hepliaklqana
Kikubaaqudgha
Makhleb
Nemelex Xobeh
Okawaru
Qazlal
Sif Muna
Trog
Uskayaw
Vehumet
Wu Jian
Xom
Yredelemnul
The Shining One

Shops:
D:5 [

Annotations:
D:6 1 transporter, DasRunzen's ghost, novice DsAK


Innate Abilities, Weirdness & Mutations

You have sharp toenails.
A weak demonic guardian rushes to your aid.
You are partially covered in sharp spines.
You have an extremely huge brain. (Int +4)


Message History

The killer bee stings you!
* * * LOW HITPOINT WARNING * * *
You are poisoned.
The killer bee poisons you!
You hear an angry buzzing noise.
You block the killer bee's attack.
The killer bee is struck by your spines.
The killer bee stings you but does no damage.
The killer bee rages.
The killer bee is struck by your spines.
You kill the killer bee!
The Council accepts your kill.
Something barely misses your shadow imp.
The killer bee stings you.
* * * LOW HITPOINT WARNING * * *
Something closely misses your shadow imp.
DasRunzen's ghost hits you.
* * * LOW HITPOINT WARNING * * *
You feel sick. The killer bee stings you!
You die...

......?..###.###..#.#
#####...#########...#
# #..###.###.###..# #
#..##...#...##..#
#####..##.###.####..#
....#..##...#...##..#
###.#..#y#.#.#.#.#..#
# #.#..#y.#.! #5.#..#
# #.#.©#y.#.# #.@#©.#
# #.##.#?.#.. #Wy#.##
#....#.#y#.#y#y#.#
###..##...#...##.#
#..####y#.####.#
#..##...#(..##.#
#..###.###.###.#
#...#########..#
#....###.###..##


You could see a queen bee, 2 killer bees, DasRunzen's ghost and a friendly
shadow imp (summoned).

Vanquished Creatures
  Eustachio (D:5)
  Duvessa (D:5)
  An ice beast (D:6)
  An ogre (D:5)
  A necrophage (D:5)
  Blork the orc (D:5)
  A bullfrog (D:6)
  Dowan (D:5)
  A killer bee (D:6)
  A howler monkey (D:5)
  A centaur zombie (D:6)
  2 hounds (D:6)
  2 orc priests (D:6)
  A centaur skeleton (D:5)
  A jelly (D:5)
  3 orc wizards (D:5)
  A bullfrog skeleton (D:5)
  Natasha (thrice) (D:4)
  An iguana (D:6)
  4 worker ants
  A killer bee zombie (D:5)
  3 gnolls (D:6)
  8 adders
  A white imp (D:6)
  2 oozes (D:1)
  2 adder skeletons
  3 worms
  3 dart slugs (D:1)
  8 leopard geckos
  18 orcs
  4 ball pythons (D:4)
  3 giant cockroaches
  6 hobgoblins
  7 jackals
  4 quokkas
  9 bats
  2 frilled lizards (D:4)
  5 goblins
  A kobold (D:1)
  A leopard gecko skeleton (D:5)
  A quokka skeleton (D:5)
  15 rats
136 creatures vanquished.

Vanquished Creatures (collateral kills)
  Pikel (D:5)
  Grinder (D:5)
  Sigmund (D:4)
  An orc warrior (D:6)
  2 lemures (D:5)
  A bullfrog zombie (D:5)
  2 orc priests
  An orc wizard (D:4)
  An orc (D:4)
  A giant cockroach (D:4)
  2 jackals (D:4)
14 creatures vanquished.

Grand Total: 150 creatures vanquished

Notes
Turn   | Place    | Note
-------+----------+-------------------------------------------
     0 | D:1      | Destapler the Demonspawn Artificer began the quest for the
                  | Orb.
     0 | D:1      | Reached XP level 1. HP: 15/15 MP: 1/1
    20 | D:1      | Reached skill level 1 in Dodging
    20 | D:1      | Reached skill level 1 in Stealth
   300 | D:1      | Gained mutation: A weak demonic guardian rushes to your
                  | aid. [demonic ancestry]
   300 | D:1      | Reached XP level 2. HP: 21/21 MP: 2/2
   847 | D:1      | Reached XP level 3. HP: 20/26 MP: 3/3
  2219 | D:2      | Gained mutation: You are partially covered in sharp spines.
                  | [demonic ancestry]
  2219 | D:2      | Reached XP level 4. HP: 29/33 MP: 4/4
  2789 | D:3      | Found a white marble altar of Elyvilon.
  3152 | D:3      | Reached skill level 1 in Shields
  3156 | D:3      | Found a sparkling altar of Nemelex Xobeh.
  3165 | D:3      | Found a radiant altar of Vehumet.
  3169 | D:3      | Found a stormy altar of Qazlal.
  3278 | D:4      | Reached skill level 1 in Short Blades
  3329 | D:4      | Gained mutation: You have an unusually large brain. (Int
                  | +2) [demonic ancestry]
  3329 | D:4      | Reached XP level 5. HP: 21/38 MP: 5/5
  3560 | D:4      | Noticed Sigmund
  3563 | D:4      | Noticed Natasha
  3574 | D:4      | Killed Natasha
  3576 | D:4      | Killed Sigmund
  3577 | D:4      | Reached skill level 1 in Throwing
  3577 | D:4      | Reached XP level 6. HP: 9/46 MP: 6/6
  3740 | D:4      | Noticed Natasha
  3759 | D:4      | Killed Natasha
  3930 | D:4      | Noticed Natasha
  3956 | D:4      | Killed Natasha
  4477 | D:5      | Entered Level 5 of the Dungeon
  4503 | D:5      | Found Laudeq's Antique Armour Boutique.
  4535 | D:5      | Noticed Pikel
  4541 | D:5      | Killed Pikel
  4542 | D:5      | Reached XP level 7. HP: 43/52 MP: 7/7
  4643 | D:5      | Noticed Grinder
  4652 | D:5      | Killed Grinder
  4666 | D:5      | Bought a dazzling leather armour for 168 gold pieces
  4676 | D:5      | Identified the +2 leather armour of the Solstice {Dex+4}
                  | (You bought it in a shop on level 5 of the Dungeon)
  4699 | D:5      | Noticed Eustachio
  4704 | D:5      | Gained mutation: You have sharp toenails. [demonic
                  | ancestry]
  4704 | D:5      | Reached XP level 8. HP: 58/58 MP: 8/8
  4715 | D:5      | Killed Eustachio
  4759 | D:5      | Noticed Duvessa
  4767 | D:5      | Noticed Dowan
  4789 | D:5      | Killed Duvessa
  4791 | D:5      | Killed Dowan
  4868 | D:5      | Noticed Blork the orc
  4874 | D:5      | Killed Blork the orc
  4997 | D:5      | Found a burning altar of Makhleb.
  5045 | D:5      | Reached skill level 5 in Evocations
  5494 | D:5      | Reached skill level 5 in Fighting
  5762 | D:6      | Found a staircase to the Ecumenical Temple.
  5823 | Temple   | Entered the Ecumenical Temple
  5966 | Temple   | Became a worshipper of the Wu Jian Council
  6002 | D:6      | Noticed a hornet
  6012 | D:6      | Found a transporter.
  6064 | D:6      | Gained mutation: You have an extremely huge brain. (Int +4)
                  | [demonic ancestry]
  6064 | D:6      | Reached XP level 9. HP: 29/68 MP: 9/9
  6250 | D:6      | Found a transporter.
  6251 | D:6      | Noticed DasRunzen's ghost (novice DsAK)
  6293 | D:6      | Noticed a queen bee
  6877 | D:6      | Slain by a killer bee

Illustrated notes

Levels and vault maps discovered:
D:1:      dpeg_arrival_line_fractal, layout_basic,
          minmay_misc_feat_secret_circle, minmay_pentomino_s4
D:2:      layout_basic
D:3:      layout_rooms, minmay_overflow_temple_star_quad, elyvilon_altar_1
D:4:      layout_basic, portal_sewer_entry_b, uniq_natasha, uniq_sigmund
D:5:      layout_loops_ring, lemuel_doored_altar, serial_shops,
          nicolae_shop_temple_entry_statues_fountains, nrook_mini_backslash,
          st_stairs_10, grunt_ministairs_3, uniq_grinder, uniq_duvessa,
          uniq_eustachio, uniq_pikel, uniq_blork_the_orc
D:6:      layout_basic, minmay_temple_entry_junction, gammafunk_ghost_hive
Temple:   eino_temple_scatter_basement

Skill      XL: |  1  2  3  4  5  6  7  8 |
---------------+-------------------------+-----
Dodging        | 1 2 3 |  3.0
Stealth        | 1 |  1.6
Armour         | 2 3 |  3.6
Shields        | 1 2 3 4 |  4.4
Fighting       | 2 3 5 |  5.4
Short Blades   | 1 2 3 4 |  4.4
Throwing       | 1 2 3 |  3.5
Evocations     | 4 5 |  5.4
Maces & Flails | |  0.4

Action                   |  1- 3 |  4- 6 |  7- 9 || total
-------------------------+-------+-------+-------++-------
Melee: Club              |    23 |       |       ||    23
       Dagger            |   180 |   150 |   162 ||   492
       Whip              |    10 |       |       ||    10
       Kick              |       |       |    46 ||    46
Throw: Boomerang         |       |       |    17 ||    17
       Dart              |       |       |     2 ||     2
Invok: Lunge             |       |       |     2 ||     2
Evoke: Wand              |     5 |     1 |     8 ||    14
  Use: Scroll            |     4 |     5 |     5 ||    14
       Potion            |       |     1 |     4 ||     5
 Stab: Sleeping          |     3 |     2 |     3 ||     8
       Distracted        |       |     1 |     2 ||     3
Armor: Leather armour    |    81 |    29 |    28 ||   138
       Skin              |       |       |     8 ||     8
Dodge: Dodged            |   131 |    52 |    44 ||   227
Block: Kite shield       |     6 |    52 |    66 ||   124
